 Dungeon Crawl Stone Soup version 0.31-a0-150-g89dc3ad700 (webtiles) character file.

Game seed: 9428529272532189427

543 qw the Shooter (level 7, 0/63 HPs)
             Began as a Minotaur Hunter on June 8, 2023.
             Slain by Eustachio
             ... wielding a +0 rapier of freezing
              (1 damage)
             ... on level 4 of the Dungeon.
             The game lasted 00:01:05 (2073 turns).

qw the Shooter (Minotaur Hunter)                    Turns: 2073, Time: 00:01:05

Health: 0/63       AC:  7    Str: 16      XL:     7   Next: 6%
Magic:  6/6        EV: 11    Int:  6      God:
Gold:   192        SH:  0    Dex: 13 (15) Spells: 6/6 levels left

rFire   . . .        Y - +0 shortbow
rCold   . . .        (shield currently unavailable)
rNeg    . . .        i - +0 ring mail
rPois   .            (helmet restricted)
rElec   .            k - +0 cloak
rCorr   .            l - +0 pair of gloves
SInv    .            (no boots)
Will    .....        m - amulet of regeneration
Stlth   +            (no ring)
HPRegen 1.10/turn    (no ring)
MPRegen 0.10/turn

%: no passive effects
@: no status effects
A: horns 2, retaliatory headbutt
a: no special abilities


You were on level 4 of the Dungeon.
You visited 1 branch of the dungeon, and saw 4 of its levels.

You collected 192 gold pieces.


Innate Abilities, Weirdness & Mutations

You have a pair of horns on your head.
You reflexively headbutt those who attack you in melee.


   Skills:
 - Level 6.2 Fighting
 + Level 7.3 Ranged Weapons
 - Level 2.3 Armour
 - Level 2.1 Dodging
 - Level 0.7 Stealth


You had 6 spell levels left.
You didn't know any spells.
Your spell library was empty.

Inventory:

Hand Weapons
 Y - a +0 shortbow (weapon)
Armour
 i - a +0 ring mail (worn)
 k - a +0 cloak (worn)
 l - a +0 pair of gloves (worn)
Jewellery
 m - an amulet of regeneration (around neck)
Scrolls
 b - 2 scrolls of identify
Potions
 a - a potion of cancellation {unknown}
 c - 2 potions of might
 d - a potion of brilliance {unknown}
 f - a potion of resistance {unknown}
 n - a potion of heal wounds {unknown}

Dungeon Overview and Level Annotations

Branches:
Dungeon (4/15)
 Temple: D:4-7

Altars:

Annotations:
D:4 Eustachio


Message History

The white imp grins evilly.
You shoot an arrow. The arrow misses Eustachio.
Eustachio misses you. You furiously retaliate!
You headbutt Eustachio. The white imp gestures at you.
The puff of frost hits you.
You shoot an arrow. The arrow hits Eustachio!
Eustachio is severely wounded.
Eustachio hits you with a +0 rapier of freezing.
Eustachio freezes you.
The crimson imp shouts, "Escape, thou pandering fat-kidneyed lout!"
The crimson imp completely misses you.
The white imp hits you but does no damage.
You shoot an arrow. The arrow closely misses Eustachio.
The white imp disappears in a puff of smoke!
Eustachio closely misses you. The crimson imp barely misses you.
You furiously retaliate!
You headbutt the crimson imp!
Eustachio hits you with a +0 rapier of freezing.
Eustachio freezes you.
The crimson imp blinks!
You shoot an arrow. The arrow barely misses Eustachio.
Eustachio hits you with a +0 rapier of freezing.
Eustachio freezes you.
You shoot an arrow. The arrow closely misses Eustachio.
Eustachio casts a spell.
Eustachio blinks!
2069 ||| FLEEEEING.
Eustachio gestures wildly while chanting.
Eustachio blinks!
You shoot an arrow. The arrow barely misses Eustachio.
Eustachio hits you with a +0 rapier of freezing.
Eustachio freezes you.
You shoot an arrow. The arrow barely misses Eustachio.
Eustachio hits you with a +0 rapier of freezing.
Eustachio freezes you.
You shoot an arrow. The arrow hits Eustachio.
Eustachio is severely wounded.
Eustachio barely misses you.
You shoot an arrow. The arrow barely misses Eustachio.
Eustachio hits you with a +0 rapier of freezing.
Eustachio freezes you.
You die...

###.#####.### #...
.....####.# # ...
........#.### ## ..#
#.##...#....##
....##. #.#........
.#.#. #...#....#.
...########....### #
#)................
#.#@#########%#..###
#.@......###.###.##
###.####.)..## ##.#
#.# #####.###.## #.#
##.#.## #.#
########.## #..
.........# ###
##########


You could see Eustachio.

Vanquished Creatures
  Grinder (D:3)
  Edmund (D:3)
  An orc priest (D:4)
  An orc wizard (D:4)
  Robin (D:3)
  4 gnolls (D:3)
  5 adders
  4 worms
  A dart slug (D:4)
  6 orcs
  5 bats
  3 endoplasms
  2 giant cockroaches
  12 goblins
  9 hobgoblins
  3 kobolds
  7 ball pythons
  2 frilled lizards (D:1)
  2 rats (D:1)
70 creatures vanquished.

Notes
Turn   | Place    | Note
-------+----------+-------------------------------------------
     0 | D:1      | qw the Minotaur Hunter began the quest for the Orb.
     0 | D:1      | Reached XP level 1. HP: 18/18 MP: 0/0
     0 | D:1      | 0 ||| qw: Version: 0.2-a-119-g7aa9181
     0 | D:1      | 0 ||| qw: Game counter: 2887
     0 | D:1      | 0 ||| qw: Always use a shield: true
     0 | D:1      | 0 ||| qw: God list: Okawaru
     0 | D:1      | 0 ||| qw: Allow faded altars: false
     0 | D:1      | 0 ||| qw: Do Orc after D:15 true
     0 | D:1      | 0 ||| qw: Do second Lair branch before Depths: true
     0 | D:1      | 0 ||| qw: Lair rune preference: random
     0 | D:1      | 0 ||| qw: Plans: Normal
     0 | D:1      | 0 ||| PLANNING D:1-11
   306 | D:1      | Reached XP level 2. HP: 25/25 MP: 1/1
   336 | D:1      | Reached skill level 5 in Ranged Weapons
   736 | D:1      | Reached skill level 3 in Fighting
   777 | D:1      | 777 ||| UPGRADING to +0 ring mail.
   787 | D:1      | 787 ||| DROPPING +0 leather armour.
   788 | D:1      | 788 ||| UPGRADING to +0 cloak.
   793 | D:1      | 793 ||| UPGRADING to +0 pair of gloves.
   798 | D:1      | 798 ||| UPGRADING to amulet of guardian spirit.
   803 | D:1      | 803 ||| UPGRADING to amulet of regeneration.
   813 | D:1      | 813 ||| DROPPING amulet of guardian spirit.
   814 | D:1      | 814 ||| READING scroll labelled KOEV CO OPRUFAHU.
   815 | D:1      | 815 ||| READING scroll labelled FUTERU FIFFUAHU.
   816 | D:1      | 816 ||| READING scroll labelled DUYGRA XUOC.
   817 | D:1      | 817 ||| DROPPING scroll of butterflies.
   927 | D:2      | Reached skill level 1 in Armour
   971 | D:2      | Reached XP level 3. HP: 31/31 MP: 2/2
  1246 | D:2      | 1246 ||| READING scroll labelled SAMAIS ZANGANYI.
  1247 | D:2      | 1247 ||| DRINKING 2 purple potions.
  1362 | D:3      | Reached XP level 4. HP: 16/38 MP: 3/3
  1408 | D:3      | Noticed Robin
  1410 | D:3      | Noticed Grinder
  1411 | D:3      | Reached skill level 6 in Ranged Weapons
  1419 | D:3      | Killed Robin
  1421 | D:3      | Paralysed by Grinder for 4 turns
  1439 | D:3      | Paralysed by Grinder for 3 turns
  1446 | D:3      | Killed Grinder
  1447 | D:3      | Reached skill level 6 in Fighting
  1447 | D:3      | Reached XP level 5. HP: 26/50 MP: 4/4
  1447 | D:3      | Reached XP level 6. HP: 29/57 MP: 5/5
  1775 | D:3      | 1775 ||| READING 3 scrolls of identify.
  1775 | D:3      | 1775 ||| IDENTIFYING fuming white potion
  1776 | D:3      | 1776 ||| READING 2 scrolls of identify.
  1776 | D:3      | 1776 ||| IDENTIFYING black potion
  1777 | D:3      | 1777 ||| DROPPING potion of berserk rage.
  1783 | D:4      | Noticed Edmund
  1786 | D:4      | 1786 ||| STAIRDANCE
  1801 | D:3      | HP: 13/57 [Edmund/+2 flail of protection (10)]
  1804 | D:3      | HP: 2/57 [Edmund/+2 flail of protection (10)]
  1805 | D:3      | Killed Edmund
  1806 | D:3      | Reached skill level 7 in Ranged Weapons
  1894 | D:4      | 1894 ||| Stepping ~*~*~tactically~*~*~ (outnumbered).
  1896 | D:4      | 1896 ||| Stepping ~*~*~tactically~*~*~ (outnumbered).
  1905 | D:4      | 1905 ||| DRINKING potion of curing.
  1905 | D:4      | 1905 ||| (to cure confusion)
  1945 | D:4      | Reached XP level 7. HP: 57/63 MP: 6/6
  1968 | D:4      | 1968 ||| Stepping ~*~*~tactically~*~*~ (outnumbered).
  1970 | D:4      | 1970 ||| Stepping ~*~*~tactically~*~*~ (outnumbered).
  2033 | D:4      | Noticed Eustachio
  2065 | D:4      | HP: 12/63 [Eustachio/+0 rapier of freezing (5)]
  2069 | D:4      | 2069 ||| FLEEEEING.
  2070 | D:4      | HP: 4/63 [Eustachio/+0 rapier of freezing (5)]
  2071 | D:4      | HP: 1/63 [Eustachio/+0 rapier of freezing (1)]
  2073 | D:4      | Slain by Eustachio

Levels and vault maps discovered:
D:1:      dpeg_arrival_brainrot, layout_basic, minmay_quantized
D:2:      layout_rooms, kennysheep_small_spiral
D:3:      layout_rooms, uniq_robin, uniq_grinder
D:4:      layout_loops_ring, uniq_eustachio, uniq_edmund, uniq_ijyb

Skill      XL: |  1  2  3  4  5  6 |
---------------+-------------------+-----
Ranged Weapons | 5 6 7 |  7.3
Fighting       | 3 6 |  6.2
Armour         | 1 2 |  2.3
Dodging        | |  2.1
Stealth        | |  0.7

Action                     |  1- 3 |  4- 6 |  7- 9 || total
---------------------------+-------+-------+-------++-------
   Fire: Shortbow          |    86 |   123 |    62 ||   271
    Use: Scroll            |     4 |     2 |       ||     6
         Potion            |     1 |     1 |       ||     2
 Armour: Leather armour    |     7 |       |       ||     7
         Ring mail         |     6 |    48 |    25 ||    79
  Dodge: Dodged            |    25 |    30 |    46 ||   101

Table legend:
 A = Non-vault XP
 B = Vault XP
 C = Vault XP percentage of total XP
 D = Non-vault monster count
 E = Vault monster count
 F = Vault count percentage of total count
                 A         B        C        D         E       F
            +---------+---------+-------+---------+---------+-------
      Total |     295 |     482 |  62.0 |      53 |      17 |  24.3
            +---------+---------+-------+---------+---------+-------
        D:1 |      21 |       7 |  25.0 |      13 |       4 |  23.5
        D:2 |      39 |       0 |   0.0 |       9 |       0 |   0.0
        D:3 |     121 |     475 |  79.7 |      17 |      13 |  43.3
        D:4 |     114 |       0 |   0.0 |      14 |       0 |   0.0
            +---------+---------+-------+---------+---------+-------
